 Dungeon Crawl Stone Soup version 0.29.1-15-g9cfb28693d (webtiles) character file.

Game seed: 10459347114953958609

11 Hugehornet the Covered (level 2, -4/19 HPs)
             Began as a Gargoyle Fighter on Mar 21, 2023.
             Killed from afar by Natasha (6 damage)
             ... with a magic dart
             ... on level 2 of the Dungeon.
             The game lasted 00:00:51 (528 turns).

Hugehornet the Covered (Gargoyle Fighter)            Turns: 528, Time: 00:00:52

Health: -4/19      AC: 12    Str: 19    XL:     2   Next: 25%
Magic:  2/2        EV:  7    Int:  8    God:
Gold:   23         SH:  4    Dex:  9    Spells: 1/1 levels left

rFire   . . .      SeeInvis .   a - +0 long sword
rCold   . . .      Faith    .   c - +0 buckler
rNeg    + . .      Spirit   .   i - +0 chain mail
rPois   ∞          Reflect  .   (no helmet)
rElec   +          Harm     .   (no cloak)
rCorr   .          Rampage  .   (no gloves)
Will    .....                   (no boots)
Stlth   ..........              (no amulet)
HPRegen 0.06/turn               (no ring)
MPRegen 0.08/turn               (no ring)

@: no status effects
A: sickness immunity, AC +2, negative energy resistance 1, electricity
resistance, torment resistance 1, petrification resistance
a: no special abilities


You were on level 2 of the Dungeon.
You visited 1 branch of the dungeon, and saw 2 of its levels.

You collected 23 gold pieces.

Inventory:

Hand Weapons
 a - a +0 long sword (weapon)
Armour
 c - a +0 buckler (worn)
 i - a +0 chain mail (worn)
Scrolls
 b - a scroll of vulnerability {unknown}
 e - 2 scrolls of teleportation {unknown}
 g - a scroll of noise {unknown}
 h - 2 scrolls of identify {unknown}
 j - a scroll of blinking {unknown}
Potions
 d - a potion of might
 f - a potion of mutation {unknown}


   Skills:
 - Level 3.2 Fighting
 * Level 2.2 Long Blades
 * Level 3.6 Armour
 - Level 3.2 Shields


You had one spell level left.
You didn't know any spells.
Your spell library was empty.

Dungeon Overview and Level Annotations

Branches:
Dungeon (2/15)

Altars:

Annotations:
D:2 Natasha


Innate Abilities, Weirdness & Mutations

You are immune to sickness and miasma.
Your stone body is resilient. (AC +2)
You are immune to poison.
You resist negative energy. (rN+)
You are resistant to electric shocks. (rElec)
You are resistant to unholy torment.
You are immune to petrification.


Message History

The puff of frost hits you! The giant cockroach barely misses you.
Natasha claws you.
The white imp grins evilly.
The white imp hits you but does no damage.
You are too injured to fight recklessly!
You are too injured to fight recklessly!
You closely miss Natasha. You block the giant cockroach's attack.
Natasha barely misses you. The giant cockroach closely misses you.
The white imp hits you but does no damage.
You closely miss Natasha.
The giant cockroach completely misses you.
Natasha claws you but does no damage.
The giant cockroach bites you but does no damage.
Natasha claws you but does no damage.
You closely miss Natasha. The giant cockroach barely misses you.
Natasha claws you.
* * * LOW HITPOINT WARNING * * *
The crimson imp hits you but does no damage.
You closely miss Natasha. The giant cockroach bites you.
* * * LOW HITPOINT WARNING * * *
You block Natasha's attack.
The crimson imp hits you but does no damage.
The white imp summons a swarm of flies.
The giant cockroach bites you but does no damage.
You closely miss Natasha. Natasha claws you.
* * * LOW HITPOINT WARNING * * *
The crimson imp hits you but does no damage.
The giant cockroach bites you but does no damage.
Natasha mumbles some strange words.
You closely miss Natasha.
The giant cockroach bites you but does no damage.
The crimson imp closely misses you. Natasha casts a spell at you.
The magic dart hits you but does no damage.
The giant cockroach barely misses you.
The crimson imp blinks!
You completely miss Natasha. You block the giant cockroach's attack.
The crimson imp hits you but does no damage.
Natasha stares at you and mumbles some strange words.
The magic dart hits you.
You die...

......#..
##..#....# ..
.......... ...
.........###...
.............#.
......5....#?..
......hB5......
......5@....##.
...............
.......<.......
...............
...............
.#####.#.......
.. ....... #..
.<..... ...
.......


You could see Natasha, 2 crimson imps, a white imp (summoned) and a giant
cockroach.

Vanquished Creatures
  A dart slug (D:1)
  An endoplasm (D:1)
  2 jackals (D:1)
  3 ball pythons (D:1)
  A bat (D:1)
  A frilled lizard (D:1)
9 creatures vanquished.

Notes
Turn   | Place    | Note
-------+----------+-------------------------------------------
     0 | D:1      | Hugehornet the Gargoyle Fighter began the quest for the
                  | Orb.
     0 | D:1      | Reached XP level 1. HP: 14/14 MP: 1/1
   242 | D:1      | Reached XP level 2. HP: 16/19 MP: 2/2
   515 | D:2      | Noticed Natasha
   521 | D:2      | Noticed a crimson imp
   527 | D:2      | Noticed a crimson imp
   528 | D:2      | Killed from afar by Natasha

Illustrated notes

Levels and vault maps discovered:
D:1:      ncdulo_wetmaze, layout_rooms, hangedman_decor_opposing,
          minmay_tetromino_t2
D:2:      layout_rooms, basic_ecumenical_altar, bh_walls_and_bars,
          uniq_crazy_yiuf_cottage, uniq_natasha

Skill      XL: |  1 |
---------------+----+-----
Long Blades    | 2 |  2.2
Fighting       | |  3.2
Armour         | |  3.6
Shields        | |  3.2

Action                   || total
-------------------------++-------
Melee: Long sword        ||    48
Armor: Scale mail        ||    11
       Chain mail        ||    34
Dodge: Dodged            ||    27
Block: Buckler           ||    14
